Match 45440121
Unlisted

Match 45440121
End
Kradschützen Motorcycle Team
Panzerpioneer Squad
Selects Italian Infantry
Panzerpioneer Squad
250 Light Carrier
Construct Light Support Kompanie
Kradschützen Motorcycle Team
MG34 Team
Panzerjäger Mechanized Group
Combat Half-tracks
Selects Guastatori Squad
Guastatori Squad
Construct Mechanized Kompanie
8 Rad Armored Car
Construct Panzerarmee Kommand
Vehicle Survival Package
Emergency Repair Kits
Panzer III L Medium Tank
Panzer III L Medium Tank
Panzer III L Medium Tank
Selects Registered Artillery
Selects Towed Cannone da 105/28 Field Howitzer
Marder III Tank Destroyer
Tungsten Core Ammunition
Rapid Advance
Armored Reserves
Tiger Heavy Tank
(502) Bad Gateway
[14e]tuveuxdugateaux
0
0

Comments sign in to comment!

No comments posted yet!